 Dungeon Crawl Stone Soup version 0.31.0-11-ge490571c62 (webtiles) character file.

Game seed: 7804571663708257831

3925 GameOver the Toxicologist (level 10, -15/75 HPs)
             Began as a Naga Alchemist on Feb 8, 2024.
             Was an Initiate of Cheibriados.
             Demolished by a two-headed ogre
             ... wielding the +10 dark maul {heavy}
              (78 damage)
             ... on level 8 of the Dungeon.
             The game lasted 01:00:41 (5920 turns).

GameOver the Toxicologist (Naga Alchemist)          Turns: 5920, Time: 01:00:43

Health: -15/75     AC: 12    Str: 12    XL:     10   Next: 20%
Magic:  0/18       EV: 10    Int: 20    God:    Cheibriados [......]
Gold:   319        SH:  0    Dex: 13    Spells: 4/20 levels left

rFire   . . .        w - staff of alchemy
rCold   . . .        (no shield)
rNeg    + . .        a - +2 robe {rN+}
rPois   +            c - +0 helmet
rElec   .            (no cloak)
rCorr   .            k - +0 pair of gloves of Uriteg {Regen+}
SInv    +            (no barding)
Will    +....        B - amulet of faith
Stlth   ++++         E - +4 ring of protection
HPRegen 1.12/turn    (no ring)
MPRegen 0.16/turn

%: faith
@: about to teleport, very slow
A: AC +3, large, see invisible, deformed body, poison resistance, slowness 2,
spit poison 1, naga tail 1
a: Spit Poison, Renounce Religion


You were on level 8 of the Dungeon.
You worshipped Cheibriados.
Cheibriados was noncommittal.
You visited 2 branches of the dungeon, and saw 9 of its levels.

You collected 319 gold pieces.

Inventory:

Hand Weapons
 e - a +4 whip
 x - a +0 trident
 G - a +2 long sword of freezing
 W - a +2 dagger of venom
Armour
 a - a +2 robe of positive energy (worn)
 c - a +0 helmet (worn)
 k - the +0 pair of gloves of Uriteg (worn) {Regen+}
   (You found it on level 2 of the Dungeon)

   Regen+:    It increases your rate of health regeneration.
 F - an orb of guile
 H - a +0 robe of fire resistance
Magical Staves
 w - a staff of alchemy (weapon)
Jewellery
 t - a ring of fire
 B - an amulet of faith (around neck)
 E - a +4 ring of protection (left hand)
Scrolls
 g - 2 scrolls of enchant armour {unknown}
 h - 2 scrolls of poison {unknown}
 l - 2 scrolls of immolation {unknown}
 n - a scroll of amnesia {unknown}
 o - 2 scrolls of vulnerability {unknown}
 q - a scroll of noise {unknown}
 s - 2 scrolls of revelation {unknown}
 u - a scroll of blinking {unknown}
 v - a scroll of silence {unknown}
 y - 2 scrolls of identify
 z - 8 scrolls of teleportation
 D - a scroll of fog {unknown}
Potions
 d - a potion of haste
 f - a potion of brilliance {unknown}
 i - a potion of attraction
 j - 3 potions of curing
 m - a potion of mutation
 p - 2 potions of heal wounds
 r - 2 potions of resistance
 A - a potion of lignification {unknown}
 C - 2 potions of enlightenment {unknown}


   Skills:
 - Level 1.5 Dodging
 * Level 8.7 Stealth
 + Level 5.9 Spellcasting
 - Level 4.0 Conjurations
 + Level 6.9 Fire Magic
 * Level 11.1 Alchemy


You had 4 spell levels left.
You knew the following spells:

 Your Spells              Type           Power      Damage    Failure   Level
a - Sting                 Conj/Alch      100%       1d9       1%          1
d - Mephitic Cloud        Conj/Alch/Air  39%        N/A       4%          3
q - Fulminant Prism       Conj/Alch      26%        3d14      4%          4
s - Sticky Flame          Fire/Alch      58%        2d10      2%          4
A - Olgreb's Toxic Radia  Alch           66%        N/A       1%          4

Your spell library contained the following spells:

 Spells                   Type           Power      Damage    Failure   Level
 Mercury Vapours          Alch/Air       84%        N/A       1%          2
 Cigotuvi's Dreadful Rot  Necr/Alch/Air  62%        N/A       3%          2
 Volatile Blastmotes      Fire/Tloc      38%        2d13      8%          3
 Iskenderun's Mystic Bla  Conj/Tloc      13%        2d5       43%         4
 Dispel Undead            Necr           5%         3d7       71%         4
 Martyr's Knell           Necr/Summ      5%         N/A       71%         4
 Death Channel            Necr           2%         N/A       100%        6
 Ozocubu's Refrigeration  Ice            2%         4d8       100%        7
 Discord                  Hex            2%         N/A       100%        8


Dungeon Overview and Level Annotations

Branches:
Dungeon (8/15)             Temple (1/1) D:6
   Lair: D:8-11

Altars:
Ashenzari
Cheibriados
Dithmenos
Elyvilon
Fedhas
Gozag
Hepliaklqana
Makhleb
Nemelex Xobeh
Qazlal
Ru
Sif Muna
Trog
Uskayaw
Vehumet
Wu Jian
Yredelemnul
Zin
The Shining One

Shops:
D:4 =


Innate Abilities, Weirdness & Mutations

Your serpentine skin is tough. (AC +3)
You have supernaturally acute eyesight. (SInv)
Armour fits poorly on your strangely shaped body.
Your system is resistant to poisons. (rPois)
You cover ground very slowly.
You can spit poison.
You have a snake-like lower body.


Message History

Aiming: Mephitic Cloud (dangerous; 4% risk of failure)
Press: ? - help, Shift-Dir - straight line, f - two-headed ogre
Aim: a two-headed ogre, wielding the +10 dark maul {heavy} and a +0 giant club (heavily wounded, chance to affect: 53%)
You feel a surge of power!
The ball explodes into a vile cloud!
The stinking cloud engulfs the two-headed ogre.
The two-headed ogre is heavily wounded.
The two-headed ogre is engulfed in noxious fumes.
The two-headed ogre appears confused.
The two-headed ogre is engulfed in noxious fumes.
The two-headed ogre appears confused.
You can't do that yet.
You have got your breath back.
Aiming: Spit Poison (1% risk of failure)
Press: ? - help, Shift-Dir - straight line, f/p - two-headed ogre
Aim: a two-headed ogre, wielding the +10 dark maul {heavy} and a +0 giant club (heavily wounded, confused, 97% to hit)
The splash of poison hits the two-headed ogre!
The two-headed ogre is heavily wounded.
Your magical contamination has completely faded away.
You have got your breath back.
The two-headed ogre seems less confused.
There is a large open door here.
As you read the scroll of teleportation, it crumbles to dust.
You feel strangely unstable.
The two-headed ogre attacks as it pursues you!
The two-headed ogre hits you with the +10 dark maul {heavy}!
The two-headed ogre barely misses you.
Casting: Mephitic Cloud (dangerous; 4% risk of failure)
Confirm with . or Enter, or press ? or * to list all spells.
Aiming: Mephitic Cloud (dangerous; 4% risk of failure)
Press: ? - help, Shift-Dir - straight line, f/p - two-headed ogre
Aim: a two-headed ogre, wielding the +10 dark maul {heavy} and a +0 giant club (heavily wounded, chance to affect: 53%)
You feel a surge of power!
The ball explodes into a vile cloud!
The stinking cloud engulfs the two-headed ogre.
The two-headed ogre is heavily wounded.
The stinking cloud engulfs you.
The two-headed ogre is engulfed in noxious fumes.
The two-headed ogre appears confused.
The two-headed ogre hits you with the +10 dark maul {heavy}!!!!
Ouch! That really hurt!
You die...

###### #######
#....# #<....#
#..#.#######.#
####''#.........#
...#..###########
.......#..#.)#
.......#..#..#
.#.#...#..#§@#
.......#.)#§O#
.#.#...#..#.§#
.......#..#..#
.....(.#O.'..#
..........'..#
##############


You could see a two-headed ogre (confused).

Vanquished Creatures
  3 deep elf pyromancers (D:7)
  A cyclops (D:8)
  A kobold demonologist (D:7)
  3 orc warriors
  2 ice beasts
  A black bear (D:4)
  An ogre (D:6)
  A centaur (D:7)
  A kobold brigand (D:6)
  A bullfrog (D:6)
  A scorpion (D:4)
  3 wights (D:7)
  2 bombardier beetles
  A howler monkey (D:6)
  A jelly (D:6)
  A gnoll bouda (D:5)
  2 orc priests
  A hound (D:4)
  2 sleepcaps
  Jessica (D:2)
  3 iguanas
  4 orc wizards
  3 gnolls (D:5)
  7 adders
  A shadow imp (D:7)
  2 white imps
  4 ribbon worms
  4 dart slugs
  19 orcs
  10 endoplasms
  5 giant cockroaches
  2 hobgoblins (D:2)
  8 jackals
  7 quokkas
  6 ball pythons
  4 bats
  3 frilled lizards
  7 goblins
  10 kobolds
  7 rats
146 creatures vanquished.

Vanquished Creatures (others)
  A kobold demonologist (D:7)
  2 fulminant prisms (D:8)
3 creatures vanquished.

Grand Total: 149 creatures vanquished

Notes
Turn   | Place    | Note
-------+----------+-------------------------------------------
     0 | D:1      | GameOver the Naga Alchemist began the quest for the Orb.
     0 | D:1      | Reached XP level 1. HP: 15/15 MP: 3/3
    67 | D:1      | Reached XP level 2. HP: 22/22 MP: 5/5
   145 | D:1      | Reached skill level 4 in Alchemy
   295 | D:1      | Reached XP level 3. HP: 21/28 MP: 3/6
   299 | D:1      | Learned a level 3 spell: Mephitic Cloud
   850 | D:2      | Reached XP level 4. HP: 36/36 MP: 4/7
   955 | D:2      | Identified the +0 pair of gloves of Uriteg {Regen+}
   969 | D:2      | Noticed Jessica
   978 | D:2      | Killed Jessica
  1019 | D:2      | Identified the +3 robe of the Date {rElec rCorr MP-9}
  1172 | D:2      | Learned a level 4 spell: Olgreb's Toxic Radiance
  1273 | D:2      | Reached XP level 5. HP: 42/42 MP: 8/8
  1275 | D:2      | Reached skill level 5 in Stealth
  1678 | D:3      | Reached skill level 5 in Alchemy
  2638 | D:4      | Found a transporter.
  2651 | D:4      | Reached XP level 6. HP: 32/49 MP: 4/10
  2682 | D:4      | Noticed a black bear
  2706 | D:4      | Killed a black bear
  2741 | D:4      | Found Baiteop's Jewellery Shoppe.
  2768 | D:4      | Reached skill level 6 in Alchemy
  2976 | D:4      | Found a transporter.
  3028 | D:4      | Noticed an ice beast
  3030 | D:4      | Noticed an ice beast
  3060 | D:4      | Reached XP level 7. HP: 55/55 MP: 9/11
  3249 | D:5      | Entered Level 5 of the Dungeon
  3511 | D:5      | Learned a level 4 spell: Sticky Flame
  3740 | D:5      | Found a hide-covered altar of Uskayaw.
  3999 | D:6      | Reached skill level 7 in Alchemy
  4005 | D:6      | Reached skill level 1 in Fire Magic
  4005 | D:6      | Reached XP level 8. HP: 58/62 MP: 6/13
  4103 | D:6      | Found a staircase to the Ecumenical Temple.
  4109 | Temple   | Found a transporter.
  4109 | Temple   | Found a transporter.
  4109 | Temple   | Found a transporter.
  4109 | Temple   | Found a transporter.
  4109 | Temple   | Entered the Ecumenical Temple
  4627 | D:5      | Reached skill level 8 in Alchemy
  4746 | D:7      | Found an ornate altar of the Wu Jian Council.
  5329 | D:7      | Noticed a deep elf pyromancer
  5329 | D:7      | Noticed a deep elf pyromancer
  5331 | D:7      | Noticed a kobold demonologist
  5335 | D:7      | Killed a deep elf pyromancer
  5336 | D:7      | Reached skill level 9 in Alchemy
  5336 | D:7      | Reached XP level 9. HP: 58/68 MP: 5/16
  5336 | D:7      | Killed a deep elf pyromancer
  5337 | D:7      | Reached skill level 5 in Spellcasting
  5337 | D:7      | Reached skill level 5 in Fire Magic
  5337 | D:7      | Noticed a deep elf pyromancer
  5337 | D:7      | Killed a kobold demonologist
  5338 | D:7      | Reached skill level 10 in Alchemy
  5353 | D:7      | Noticed a kobold demonologist
  5358 | D:7      | Killed a deep elf pyromancer
  5374 | D:7      | Killed a kobold demonologist
  5375 | D:7      | Reached XP level 10. HP: 75/75 MP: 8/18
  5409 | D:7      | Learned a level 4 spell: Fulminant Prism
  5495 | Temple   | Became a worshipper of Cheibriados the Contemplative
  5900 | D:8      | Noticed a cyclops
  5902 | D:8      | Noticed a two-headed ogre
  5905 | D:8      | Killed a cyclops
  5906 | D:8      | Reached skill level 11 in Alchemy
  5920 | D:8      | Demolished by a two-headed ogre

Illustrated notes

Levels and vault maps discovered:
D:1:      psy_arrival_terrarium, layout_basic
D:2:      layout_loops_ring, minmay_pentomino_z2, uniq_jessica
D:3:      layout_basic, serial_bayou, serial_bayou_lagoon_a,
          serial_bayou_pond_d, serial_bayou_pond_d, serial_bayou_ford_a,
          serial_bayou_pond_b, serial_bayou_pond_e
D:4:      gammafunk_cloud_chamber, layout_rooms, serial_shops,
          nicolae_inconvenience_store, serial_bayou_pond_c
D:5:      layout_rooms, eat_drink_and_be_merry_uskayaw
D:6:      layout_cave_pools, minmay_temple_entry_fiery
D:7:      layout_loops_ring, nzn_wu_jian_council_hall, serial_library,
          serial_library_hellmonk_open_cross,
          serial_library_hellmonk_semicircle, serial_library_hellmonk_room_a,
          serial_library_hellmonk_recessed_alcove,
          serial_library_hellmonk_metal_room,
          serial_library_hellmonk_reading_circle,
          serial_library_hellmonk_room_b, serial_library_hellmonk_filled_rooms,
          serial_library_hellmonk_open_square, serial_library_hellmonk_h_bend,
          kennysheep_generic_room_4
D:8:      layout_basic, amcnicky_altar_gilded, mainiacjoe_overflow_paths,
          hellmonk_guarded_unrand_dark_maul, uniq_prince_ribbit1
Temple:   hellmonk_temple_divided_pantheon

Skill      XL: |  1  2  3  4  5  6  7  8  9 10 |
---------------+-------------------------------+-----
Alchemy        | 4 5 6 7 9 10 11 | 11.1
Stealth        | 4 5 7 8 |  8.7
Conjurations   | 2 3 4 |  4.0
Spellcasting   | 3 4 5 |  5.9
Fire Magic     | 1 4 6 |  6.9
Dodging        | |  1.5

Action                     |  1- 3 |  4- 6 |  7- 9 | 10-12 || total
---------------------------+-------+-------+-------+-------++-------
  Melee: Dagger            |    19 |    37 |    16 |       ||    72
         Whip              |       |       |    12 |       ||    12
         Staff             |       |       |    30 |     5 ||    35
   Cast: Sting             |    37 |    58 |    58 |     2 ||   155
         Mephitic Cloud    |       |     2 |     7 |     4 ||    13
         Olgreb's Toxic Ra |       |       |     5 |       ||     5
         Sticky Flame      |       |       |     5 |     1 ||     6
         Fulminant Prism   |       |       |       |     2 ||     2
Ability: Spit Poison       |    28 |    46 |    45 |     7 ||   126
    Use: Potion            |     1 |       |     2 |       ||     3
         Scroll            |       |     7 |       |     1 ||     8
   Stab: Sleeping          |     2 |     9 |     5 |       ||    16
         Confused          |       |       |     3 |     1 ||     4
 Armour: Robe              |    19 |    33 |    56 |     6 ||   114
  Dodge: Dodged            |    13 |    17 |    27 |     3 ||    60
